 Dungeon Crawl Stone Soup version 0.23-a0-554-gd3cbc84 (webtiles) character file.

55 ilii the Caller (level 3, 0/20 HPs)
             Began as a Deep Elf Summoner on Dec 10, 2018.
             Killed by nerve-wracking pain
             ... invoked by Jessica
              (10 damage)
             ... on level 2 of the Dungeon.
             The game lasted 00:07:17 (1836 turns).

ilii the Caller (Deep Elf Summoner)                 Turns: 1836, Time: 00:07:19

Health: 0/20       AC:  2    Str:  5    XL:     3   Next: 67%
Magic:  6/10       EV: 13    Int: 20    God:
Gold:   91         SH:  0    Dex: 15    Spells: 5/9 levels left

rFire    . . .     SeeInvis .   (no weapon)
rCold    . . .     Gourm    .   (no shield)
rNeg     . . .     Faith    .   a - +0 robe
rPois    .         Spirit   .   (no helmet)
rElec    .         Reflect  .   (no cloak)
rCorr    .         Harm     .   (no gloves)
MR       .....                  (no boots)
Stlth    ++........             (no amulet)
HPRegen  0.06/turn              (no ring)
MPRegen  0.12/turn              (no ring)

@: no status effects
A: no striking features
a: no special abilities


You were on level 2 of the Dungeon.
You were not hungry.

You visited 1 branch of the dungeon, and saw 2 of its levels.

You collected 91 gold pieces.

Inventory:

Armour
 a - a +0 robe (worn)
Jewellery
 l - a +3 ring of intelligence {unknown}
Scrolls
 b - a scroll of remove curse {unknown}
 e - a scroll of enchant weapon {unknown}
 f - 2 scrolls of enchant armour {unknown}
 g - a scroll of random uselessness {unknown}
 h - a scroll of teleportation {unknown}
 i - a scroll of amnesia {unknown}
Potions
 d - a potion of curing
 j - a potion of agility {unknown}
 k - a potion of resistance {unknown}
 m - a potion of magic {unknown}
Comestibles
 c - 3 rations


   Skills:
 + Level 1.0 Fighting
 + Level 3.0 Dodging
 - Level 2.4 Stealth
 + Level 3.6 Spellcasting
 * Level 5.1 Summonings


You had 5 spell levels left.
You knew the following spells:

 Your Spells              Type           Power        Failure   Level  Hunger
a - Summon Small Mammal   Summ           ###.         1%          1    None
s - Call Canine Familiar  Summ           ###.....     4%          3    ###....

Your spell library contained the following spells:

 Spells                   Type           Power        Failure   Level  Hunger
 Call Imp                 Summ           ###.....     2%          2    ##.....
 Summon Guardian Golem    Hex/Summ       ##......     14%         3    ###....
 Summon Ice Beast         Ice/Summ       ##......     43%         4    ####...
 Summon Lightning Spire   Summ/Air       ##......     43%         4    ####...


Dungeon Overview and Level Annotations

Branches:
Dungeon (2/15)

Altars:

Annotations:
D:2 Jessica


Message History

Your hound closely misses Jessica.
Jessica misses your hound.
Your hound bites Jessica.
Jessica barely misses your hound.
Your hound barely misses Jessica.
Your hound bites Jessica but does no damage.
Jessica hits your hound.
Your hound disappears in a puff of smoke!
Casting: Call Canine Familiar (safe; 4% risk of failure)
Confirm with . or Enter, or press ? or * to list all spells.
Jessica hits you.
Your hound barely misses Jessica.
Jessica mumbles some strange words.
Jessica blinks!
Jessica casts a spell at you. Pain shoots through your body!
Jessica hits your hound.
Your hound barely misses Jessica.
Your hound closely misses Jessica.
Jessica gestures at you while chanting. Pain shoots through your body!
Ouch! That really hurt!
You die...

#...........#.......
#......(....#.......
#...........#.......
#...........#.......
#.......@h..#.......
#......)....#.......
#...........#.......
##########..........
#..@.......
#..........
#....###### #....#
#...$# #....# #?...#
######


You could see Jessica and a friendly hound.

Vanquished Creatures
  A goblin (D:1)
1 creature vanquished.

Vanquished Creatures (collateral kills)
  3 adders (D:2)
  3 gnolls (D:2)
  3 dart slugs
  3 leopard geckos (D:1)
  A giant cockroach (D:1)
  5 goblins
  4 hobgoblins (D:1)
  2 ball pythons
  3 bats
  4 frilled lizards
  2 kobolds (D:1)
  2 rats (D:1)
35 creatures vanquished.

Grand Total: 36 creatures vanquished

Notes
Turn   | Place    | Note
-------+----------+-------------------------------------------
     0 | D:1      | ilii the Deep Elf Summoner began the quest for the Orb.
     0 | D:1      | Reached XP level 1. HP: 10/10 MP: 6/6
   446 | D:1      | Reached XP level 2. HP: 11/16 MP: 5/8
  1395 | D:2      | Reached XP level 3. HP: 20/20 MP: 5/9
  1400 | D:2      | Learned a level 3 spell: Call Canine Familiar
  1475 | D:2      | Reached skill level 5 in Summonings
  1705 | D:2      | Reached skill level 1 in Fighting
  1814 | D:2      | Noticed Jessica
  1836 | D:2      | Killed from afar by Jessica

Vault maps used:
D:1:      minmay_arrival_wavy_path, kennysheep_boxes
D:2:      uniq_jessica

Skill      XL: |  1  2  3 |
---------------+----------+-----
Dodging        | 3 |  3.0
Summonings     | 5 |  5.1
Fighting       | 1 |  1.0
Stealth        | |  2.4
Spellcasting   | |  3.6

Action                   || total
-------------------------++-------
Melee: Unarmed           ||    12
 Cast: Summon Small Mamm ||    62
       Call Canine Famil ||     7
 Stab: Distracted        ||     1
       Sleeping          ||     1
  Eat: Chunk             ||     3
Armor: Robe              ||     9
Dodge: Dodged            ||    38

Table legend:
 A = Non-vault XP
 B = Vault XP
 C = Vault XP percentage of total XP
 D = Non-vault monster count
 E = Vault monster count
 F = Vault count percentage of total count
                 A         B        C        D         E       F
            +---------+---------+-------+---------+---------+-------
      Total |      79 |       0 |   0.0 |      36 |       0 |   0.0
            +---------+---------+-------+---------+---------+-------
        D:1 |      27 |       0 |   0.0 |      23 |       0 |   0.0
        D:2 |      52 |       0 |   0.0 |      13 |       0 |   0.0
            +---------+---------+-------+---------+---------+-------
